Unix NetHack Version 5.0.0-0 post-release - last build May 17 2026 04:57:42 (dc50c8380fa5e20985bfe3072449f57b8d9895ef,branch:main).

Game began 2026-05-18 18:52:28, ended 2026-05-18 19:50:51.

Conradmonkey, neutral male gnomish Wizard

     ------                        ----------                          ------
     |..*.-##                      |........|                          |....|
     |....| #######           (####-........|                          |.)..|
     |....|       ##`########## ###|........-##########   --------     |.<.e|
     |.....########---------    #  |........|         ##  |.....[|     ---.--
     ----.-       #|........#######-........|          ## |..@...|     ####
        ##        #-.......|    #  ----------           # |.df...|##########
        #          |........#####                       # |.....)-#--.-----#
        #          |.).....|                            #)-.[....|#|......|#
      ###          ---------                              --------#|......|#
  ----.----                                                       #|......-.--
  |....>..|                                                       #----......|
  |.......|                                                       ####...^...|
  |.......|                                                           |......|
  |.......|                                                           --------
  ---------

Conradmonkey the Conjurer  St:8 Dx:12 Co:11 In:19 Wi:13 Ch:13  Neutral
Dlvl:2  $:16 HP:0(32) Pw:10(43) AC:10 Xp:4 T:3367  Fainted  Deaf

Latest messages:
 The housecat picks up an uncursed +0 cloak of magic resistance.
 The housecat drops an uncursed +0 cloak of magic resistance.
 You faint from lack of food.
 The housecat picks up a blessed +4 quarterstaff.
 The housecat drops a blessed +4 quarterstaff.
 The gecko bites!
 The gecko bites!
 The gecko bites!
 You regain consciousness.
 The gecko bites!
 You can hear again.
 You bite the gecko.
 The gecko just misses!
 You faint from lack of food.
 The coyote bites!
 The gecko bites!
 The coyote bites!
 The gecko bites!
 You return to gnomish form!
 Your movements are now unencumbered.
 The coyote bites!
 The housecat misses the gecko.
 The coyote bites!
 The housecat picks up a +0 iron skull cap.
 The housecat misses the gecko.
 The housecat misses the gecko.
 The coyote bites!
 The housecat misses the gecko.
 The coyote bites!
 The gecko bites!
 The housecat misses the gecko.
 The housecat drops a +0 iron skull cap.
 The housecat misses the gecko.
 The coyote bites!
 The gecko bites!
 The housecat picks up a +0 iron skull cap.
 The housecat bites the gecko.
 The gecko is killed!
 The coyote bites!
 Your housecat eats a gecko corpse.
 The coyote bites!
 The coyote bites!
 The housecat misses the coyote.
 The coyote bites!
 You die...
 Do you want your possessions identified? [ynq] (y) y
 Do you want to see your attributes? [ynq] (y) y
 Do you want an account of creatures vanquished? [ynaq] (y) y
 Do you want to see your conduct and achievements? [ynq] (y) y
 Do you want to see the dungeon overview? [ynq] (y) y

Inventory:
 Coins    ('$')
  $ - 16 gold pieces
 Scrolls  ('?')
  o - a blessed scroll of light
  k - an uncursed scroll of light
 Spellbooks  ('+')
  l - a blessed spellbook of force bolt
  m - an uncursed spellbook of knock
 Potions  ('!')
  h - an uncursed potion of confusion
  f - an uncursed potion of fruit juice
  g - an uncursed potion of object detection
 Rings    ('=')
  e - an uncursed +1 ring of adornment
  w - an uncursed +1 ring of increase accuracy (on left hand)
  d - an uncursed ring of poison resistance (on right hand)
 Wands    ('/')
  s - a wand of fire (0:8)
  c - a wand of light (0:14)
 Tools    ('(')
  n - a magic marker (0:22)

Conradmonkey the Wizard's attributes:

Background:
 You were a Conjurer, a level 4 male gnomish Wizard.
 You were neutral, on a mission for Thoth
 who was opposed by Ptah (lawful) and Anhur (chaotic).
 You were right-handed.
 You were in the Dungeons of Doom, on level 2.
 You entered the dungeon 3367 turns ago.
 There was a new moon in effect when your adventure ended.
 You had 124 experience points, 36 more were needed to attain level 5.

Basics:
 You had 0 out of 32 hit points.
 You had 10 out of 43 energy points (spell power).
 Your armor class was 10.
 Your wallet contained 16 zorkmids.
 Autopickup was off.

Final Characteristics:
 Your strength was 8 (base:9, limit:18/50).
 Your dexterity was 12 (limit:18).
 Your constitution was 11 (limit:18).
 Your intelligence was 19 (limit:19).
 Your wisdom was 13 (limit:18).
 Your charisma was 13 (limit:18).

Final Status:
 You were deaf.
 You were fainted due to starvation.
 You were unencumbered.
 You were bare handed.
 You were unskilled in bare handed combat.
 You weren't wearing any armor.

Final Attributes:
 You were devoutly aligned.
 You were poison resistant.
 You were level-drain resistant.
 You had infravision.
 You had a small bonus to hit (+1).
 You were a werejackal.
 You were harmed by silver.
 You were unlucky.
 Thoth was angry with you.
 You are dead.

Miscellaneous:
 You didn't encounter any bones levels.
 Total elapsed playing time was 23 minutes and 35 seconds.

Major events:
 Turn
    1: Conradmonkey the neutral male gnomish Wizard entered the dungeon
  870: attained the rank of Conjurer (level 3)
 3367: killed by a coyote, while fainted from lack of food

Spells:
 Name                 Level Category     Fail Retention
 force bolt             1   attack         0%  91%-100%
 knock                  1   matter         0%  76%-100%

Skills:
 Fighting Skills
   bare handed combat [Unskilled]
   riding             [Unskilled]
 Weapon Skills
   dagger             [Unskilled]
   knife              [Unskilled]
   axe                [Unskilled]
   short sword        [Unskilled]
   club               [Unskilled]
   mace               [Unskilled]
   quarterstaff       [Basic]
   polearms           [Unskilled]
   spear              [Unskilled]
   trident            [Unskilled]
   sling              [Unskilled]
   dart               [Unskilled]
   shuriken           [Unskilled]
 Spellcasting Skills
   attack spells      [Basic]
   healing spells     [Unskilled]
   divination spells  [Unskilled]
   enchantment spells [Basic]
   clerical spells    [Unskilled]
   escape spells      [Unskilled]
   matter spells      [Unskilled]

Voluntary challenges:
 Character rerolling was not enabled.
 You never genocided any monsters.
 You never polymorphed an object.
 You used no wishes.
Achievement:
 You attained the rank of Conjurer.

 The Dungeons of Doom: levels 1 to 2
    Level 1:
       A fountain.
    Level 2: <- You were here.
       Final resting place for
          you, killed by a coyote, while fainted from lack of food.


Vanquished creatures:
  a floating eye
  a homunculus
  a werejackal
 an iguana
  2 acid blobs
  a hobbit
  4 giant rats
  2 yellow molds
  6 geckos
  4 jackals
  3 foxes
  a kobold
  4 goblins
  2 sewer rats
 12 grid bugs
  3 bats
  6 lichens
  3 kobold zombies
  4 newts
61 creatures vanquished.

No species were genocided or became extinct.

Game over:
                       ----------
                      /          \
                     /    REST    \
                    /      IN      \
                   /     PEACE      \
                  /                  \
                  |   Conradmonkey   |
                  |      16 Au       |
                  |   killed by a    |
                  |      coyote      |
                  |                  |
                  |                  |
                  |       2026       |
                 *|     *  *  *      | *
        _________)/\\_//(\/(/\)/\//\/|_)_______

Goodbye Conradmonkey the Wizard...

You died in The Dungeons of Doom on dungeon level 2 with 601 points,
and 16 pieces of gold, after 3367 moves.
You were level 4 with a maximum of 32 hit points when you died.

